AoeStats
← Vilo41

Arena

509487899Analyzed
1v1 RM · 6d ago on Sep 26, 2026· 28m 11s· 2 players
Game mode
Random Map
Map size
Tiny (2 player)
Population
200
Speed
Normal
Resources
Standard
Victory
Conquest
Starting age
Dark Age
Ending age
Imperial Age
RankedLock teamsTeams togetherTeam positionsShared explorationLock speedFull tech treeHidden civsTurbo modeCheats
Victory
Defeat
🇧🇴 Berbers · Bolivia
889
+15
🇻🇪 Franks · Venezuela
857
-41
Vilo41
11:05 Feudal Age
12:16 Double-Bit Axe
13:21 Wheelbarrow
13:32 Gold Mining
20:28 Castle Age
27:13 Man-at-Arms
RColque
11:18 Feudal Age
15:09 Castle Age
13:07 Double-Bit Axe
14:15 Horse Collar
20:23 Pikeman
27:31 Scale Mail Armor
27:44 Bow Saw
27:27 Gold Mining
28:06 Squires
Connection lost

Rejoining the realm…

Still unreachable

The connection could not be restored.

Session expired

The server has moved on; the page needs a fresh start.